 Dungeon Crawl Stone Soup version 0.19.0-2-gae57169 (webtiles) character file.

2009 Leibowitz the Spear-Bearer (level 9, -3/68 HPs)
             Began as a Merfolk Gladiator on Nov 5, 2016.
             Was an Initiate of Okawaru.
             Killed by divine providence
             ... invoked by an orc priest
              (15 damage)
             ... on level 6 of the Dungeon.
             The game lasted 00:20:54 (8051 turns).

Leibowitz the Spear-Bearer (Merfolk Gladiator)      Turns: 8051, Time: 00:20:55

Health: -3/68      AC:  6    Str: 15    XL:     9   Next: 22%
Magic:  9/9        EV: 17    Int:  7    God:    Okawaru [......]
Gold:   290        SH:  0    Dex: 18    Spells: 0 memorised, 8 levels left

rFire  + . .     SeeInvis .     a - +1 trident
rCold  + . .     Gourm    .     I - +1 robe {rC+ rF+}
rNeg   . . .     Faith    .     (no shield)
rPois  .         Spirit   .     E - +1 helmet
rElec  .         Reflect  .     (no cloak)
rCorr  .         Harm     .     t - +0 pair of gloves
MR     .....                    (no boots)
Stlth  +++.......               (no amulet)
                                (no ring)
                                (no ring)

@: drained
A: change form in water, swift swim, stealthy swim
a: Renounce Religion


You were on level 6 of the Dungeon.
You worshipped Okawaru.
Okawaru was noncommittal.
You were not hungry.

You visited 2 branches of the dungeon, and saw 7 of its levels.

You collected 387 gold pieces.
You spent 97 gold pieces at shops.

Inventory:

Hand Weapons
 a - a +1 trident (weapon)
 b - a +0 blowgun
 G - a +2 dagger of venom
Missiles
 d - a throwing net
 w - 45 poisoned needles
 x - 6 curare-tipped needles
 C - 6 javelins (quivered)
Armour
 j - a +2 ring mail of positive energy
 t - a +0 pair of gloves (worn)
 E - a +1 helmet (worn)
 F - a +1 leather armour of magic resistance
 I - a +1 robe of resistance (worn)
Wands
 k - a wand of digging (13/24)
 J - a wand of flame (22/48)
Scrolls
 e - a scroll of recharging
 m - 4 scrolls of amnesia
 p - a scroll of teleportation
 q - 3 scrolls of remove curse
 s - 2 scrolls of immolation
 v - 9 scrolls of identify
 y - 2 scrolls of blinking
Potions
 g - 2 potions of flight {unknown}
 h - a potion of heal wounds {unknown}
 i - 2 potions of resistance {unknown}
 l - a potion of magic {unknown}
 n - a potion of lignification
 o - a potion of might
 u - a potion of cancellation {unknown}
 B - 2 potions of curing
 D - 2 potions of berserk rage
Books
 H - a book of Necromancy

   Spells                             Type                      Level
   a - Pain                           Necromancy                   1
   b - Animate Skeleton               Necromancy                   1
   c - Vampiric Draining              Necromancy                   3
   d - Regeneration                   Charms/Necromancy            3
   e - Animate Dead                   Necromancy                   4
   f - Control Undead                 Necromancy                   4
Comestibles
 c - a meat ration
 f - 3 bread rations
 r - a beef jerky
 z - a slice of pizza
 A - a royal jelly
 K - 4 chunks of flesh


   Skills:
 + Level 5.0(4.9) Fighting
 + Level 2.1(1.9) Short Blades
 + Level 10.5(10.3) Polearms
 + Level 4.7(4.5) Throwing
 + Level 3.5(3.4) Armour
 + Level 6.7(6.5) Dodging
 + Level 3.4(3.3) Stealth


You had 8 spell levels left.
You didn't know any spells.

Dungeon Overview and Level Annotations

Branches:
Dungeon (6/15)             Temple (1/1) D:4

Altars:
Ashenzari
Cheibriados
Dithmenos
Elyvilon
Fedhas
Gozag
Hepliaklqana
Kikubaaqudgha
Makhleb
Nemelex Xobeh
Okawaru
Qazlal
Ru
Sif Muna
Trog
Uskayaw
Vehumet
Xom
Yredelemnul
Zin
The Shining One

Shops:
D:4 ?


Message History

The phantom is almost destroyed.
You closely miss the phantom.
The phantom is almost destroyed.
The phantom barely misses you.
The orc priest casts a cantrip, but nothing happens.
The orc priest shouts!
The phantom blinks!
The orc priest mumbles some strange prayers to Beogh against you.
You struggle to resist.
The phantom blinks!
The orc priest calls down the wrath of Beogh upon you.
Beogh smites you!
* * * LOW HITPOINT WARNING * * *
The orc priest invokes the aid of Beogh against you.
Pain shoots through your body!
* * * LOW HITPOINT WARNING * * *
You feel better.
The phantom blinks!
The orc priest mumbles some strange prayers to Beogh against you.
Beogh smites you!
You die...

......##'##########)####.........
...#####.#####......).##.........
####.........##.#####.##........(
###..#######..###......#.........
#_..###_._###.._#.###..##########
###..##...##..###..<#...# ## #
##.........##.#.#.#.#.# #. #
#####...#####.#.#.#.#.## #. #
#...##_###....@...#.#..# #. #
#....###.#....#.#.#.##.## #. #
##....##.#...§..#'#.##..# #.
########...#.o#.#.........## #.
.......#.###..#............# #.
.......#..§..............#.## #.
....[..#####..###o.......#..####.
..........†..............##......
..(....#####.#.#o.......[##...)..


You could see 2 orc priests.

Vanquished Creatures
  The ghost of Patchouli the Magician, an amateur DEIE (D:4)
  2 sky beasts (D:6)
  A necrophage (D:5)
  A centaur (D:5)
  4 ogres
  A big kobold (D:6)
  A bullfrog (D:6)
  2 scorpions (D:4)
  A water moccasin skeleton (D:6)
  A howler monkey (D:5)
  A crimson imp (D:5)
  A bullfrog skeleton (D:5)
  2 bullfrog zombies (D:5)
  A hound (D:6)
  A quasit (D:5)
  6 orc priests
  Terence (D:2)
  An iguana (D:4)
  3 orc wizards
  6 worker ants
  A hound skeleton (D:4)
  3 gnolls (D:6)
  8 adders
  A worm (D:2)
  A dart slug (D:1)
  4 leopard geckos
  18 orcs
  A giant cockroach (D:5)
  2 gnoll zombies (D:3)
  13 goblins
  8 hobgoblins
  7 jackals
  9 kobolds
  2 quokkas (D:2)
  A ball python (D:3)
  4 bats
  4 frilled lizards
  A leopard gecko skeleton (D:4)
  3 rats
129 creatures vanquished.

Notes
Turn   | Place    | Note
-------+----------+-------------------------------------------
     0 | D:1      | Leibowitz the Merfolk Gladiator began the quest for the Orb.
     0 | D:1      | Reached XP level 1. HP: 16/16 MP: 1/1
    98 | D:1      | Reached XP level 2. HP: 22/23 MP: 2/2
   193 | D:1      | Reached skill level 5 in Polearms
   618 | D:2      | Noticed Terence
   624 | D:2      | Killed Terence
   624 | D:2      | Reached XP level 3. HP: 28/28 MP: 3/3
   819 | D:2      | Reached XP level 4. HP: 34/34 MP: 4/4
   960 | D:2      | Reached skill level 5 in Dodging
  1289 | D:2      | Found a bloodstained altar of Trog.
  1624 | D:3      | Reached skill level 6 in Polearms
  1624 | D:3      | Reached XP level 5. HP: 24/40 MP: 5/5
  2101 | D:3      | Reached skill level 1 in Stealth
  2299 | D:3      | Found a blossoming altar of Fedhas.
  2395 | D:3      | Found a basalt altar of Yredelemnul.
  2639 | D:4      | Found a deep blue altar of Sif Muna.
  2648 | D:4      | Reached skill level 7 in Polearms
  2684 | D:4      | Reached skill level 1 in Armour
  2684 | D:4      | Reached XP level 6. HP: 28/47 MP: 6/6
  2880 | D:4      | Found Xisuxt's Magic Scroll Boutique.
  2882 | D:4      | Bought a scroll of blinking for 97 gold pieces
  2898 | D:4      | Noticed Patchouli's ghost (amateur DEIE)
  2917 | D:4      | Killed Patchouli's ghost
  2917 | D:4      | Reached skill level 1 in Short Blades
  3434 | D:3      | HP: 2/47 [orc priest/mace (2)]
  3743 | D:3      | Reached XP level 7. HP: 25/52 MP: 7/7
  4146 | D:4      | Reached skill level 8 in Polearms
  4593 | D:4      | Found a staircase to the Ecumenical Temple.
  4602 | Temple   | Entered the Ecumenical Temple
  4977 | D:5      | Entered Level 5 of the Dungeon
  5409 | D:5      | Reached XP level 8. HP: 47/55 MP: 8/8
  5666 | D:5      | Reached skill level 9 in Polearms
  6183 | D:5      | Found a sacrificial altar of Ru.
  6471 | D:6      | Found a glowing golden altar of the Shining One.
  6494 | D:6      | Found an iron altar of Okawaru.
  6827 | D:6      | Became a worshipper of Warmaster Okawaru
  6921 | D:6      | Reached skill level 10 in Polearms
  7278 | D:6      | Reached XP level 9. HP: 28/67 MP: 9/9
  7689 | D:6      | Reached skill level 5 in Fighting
  7848 | D:6      | Found a radiant altar of Vehumet.
  7848 | D:6      | Found a faded altar of an unknown god.
  7853 | D:6      | Found a hide-covered altar of Uskayaw.
  7856 | D:6      | Found a shattered altar of Ashenzari.
  7857 | D:6      | Found a shadowy altar of Dithmenos.
  8051 | D:6      | Killed from afar by an orc priest

Skill      XL: |  1  2  3  4  5  6  7  8  9 |
---------------+----------------------------+-----
Polearms       | 5 6 7 8 10 | 10.5
Dodging        | 5 6 |  6.7
Stealth        | 1 2 3 |  3.4
Fighting       | 3 4 5 |  5.0
Armour         | 1 3 |  3.5
Short Blades   | 1 2 |  2.1
Throwing       | 3 4 |  4.7

Action                   |  1- 3 |  4- 6 |  7- 9 || total
-------------------------+-------+-------+-------++-------
Melee: Trident           |    77 |   126 |   325 ||   528
       Dagger            |     3 |     7 |     7 ||    17
       Tailslap          |       |       |     3 ||     3
 Fire: Blowgun           |       |       |    35 ||    35
Throw: Throwing net      |       |     1 |     2 ||     3
       Javelin           |       |     9 |     7 ||    16
  Use: Scroll            |       |    10 |     2 ||    12
       Potion            |       |       |     4 ||     4
 Stab: Sleeping          |       |     4 |       ||     4
       Held in net/web   |       |       |     2 ||     2
  Eat: Chunk             |       |     8 |    13 ||    21
       Beef jerky        |       |       |     1 ||     1
Armor: Leather armour    |    19 |    18 |    21 ||    58
       Ring mail         |       |     2 |    54 ||    56
       Robe              |       |       |     7 ||     7
Dodge: Dodged            |    69 |    69 |   216 ||   354
